 Dungeon Crawl Stone Soup version 0.27-a0-1191-g601b473118 (webtiles) character file.

Game seed: 9362989842279422903

344 polve the Cutter (level 6, -23/48 HPs)
             Began as a Demonspawn Gladiator on May 23, 2021.
             Annihilated by a two-headed ogre
             ... wielding a +0 giant club
              (30 damage)
             ... on level 5 of the Dungeon.
             The game lasted 00:04:21 (5814 turns).

polve the Cutter (Demonspawn Gladiator)             Turns: 5814, Time: 00:04:21

Health: -23/48     AC: 10    Str: 17    XL:     6   Next: 31%
Magic:  6/6        EV: 10    Int:  9    God:
Gold:   267        SH:  0    Dex: 16    Spells: 5/5 levels left

rFire    . . .     SeeInvis .   b - +0 short sword (venom)
rCold    . . .     Faith    .   (no shield)
rNeg     . . .     Spirit   .   p - +0 scale mail
rPois    .         Reflect  .   c - +0 helmet
rElec    .         Harm     .   v - +0 cloak
rCorr    .         Rampage  .   g - +0 pair of gloves
Will     .....                  (no boots)
Stlth    +.........             (no amulet)
HPRegen  0.16/turn              (no ring)
MPRegen  0.10/turn              (no ring)

@: no status effects
A: hooves 1, thin skeletal structure 1, demonic guardian 1, demonic magic 1
a: no special abilities


You were on level 5 of the Dungeon.
You visited 1 branch of the dungeon, and saw 5 of its levels.

You collected 267 gold pieces.

Inventory:

Hand Weapons
 a - a +0 rapier
 b - a +0 short sword of venom (weapon)
Missiles
 d - 3 throwing nets (quivered)
Armour
 c - a +0 helmet (worn)
 g - a +0 pair of gloves (worn)
 p - a +0 scale mail (worn)
 t - a +0 leather armour
 v - a +0 cloak (worn)
Jewellery
 u - a +6 ring of intelligence
Wands
 i - a wand of polymorph (10)
 j - a wand of mindburst (18)
 w - a wand of flame (14)
Scrolls
 e - 2 scrolls of brand weapon {unknown}
 f - 5 scrolls of identify {unknown}
 l - 3 scrolls of enchant armour {unknown}
 q - a scroll of silence {unknown}
 r - a scroll of fear {unknown}
Potions
 h - a potion of ambrosia {unknown}
 k - 2 potions of curing {unknown}
 m - a potion of attraction {unknown}
 n - 3 potions of heal wounds {unknown}
 o - a potion of magic {unknown}
 s - a potion of resistance
 x - a potion of haste {unknown}


   Skills:
 + Level 3.7 Fighting
 - Level 4.0 Short Blades
 - Level 1.7 Throwing
 - Level 4.0 Armour
 - Level 2.6 Dodging


You had 5 spell levels left.
You didn't know any spells.
Your spell library contained the following spells:

 Spells                   Type           Power      Damage    Failure   Level
 Sting                    Tmut/Pois      0%         1d3       78%         1
 Poisonous Vapours        Pois/Air       0%         N/A       89%         2
 Ignite Poison            Fire/Tmut/Pois 0%         N/A       98%         3
 Mephitic Cloud           Conj/Pois/Air  0%         N/A       98%         3
 Olgreb's Toxic Radiance  Pois           0%         N/A       100%        4


Dungeon Overview and Level Annotations

Branches:
Dungeon (5/15)
 Temple: D:4-7

Altars:

Shops:
D:1 :   D:3 !(??(


Innate Abilities, Weirdness & Mutations

You have large cloven feet.
You have a somewhat thin skeletal structure. (Dex +2, Stealth+)
A weak demonic guardian rushes to your aid.
Spells you cast may paralyse adjacent enemies.


Message History

The centaur zombie closely misses you. The ufetubus closely misses you.
The ufetubus misses you.
You closely miss the ufetubus. Your kick misses the ufetubus.
The ufetubus is heavily wounded.
The centaur zombie hits you but does no damage.
The centaur zombie kicks you but does no damage.
The ufetubus barely misses you.
The ufetubus hits you but does no damage.
The centaur zombie barely misses you. The centaur zombie closely misses you.
You hit the ufetubus.
You kill the ufetubus!
A two-headed ogre comes into view.
It is wielding a +0 giant club and a +0 giant spiked club.
The centaur zombie hits you but does no damage.
The centaur zombie barely misses you.
You hit the centaur zombie. Your kick misses the centaur zombie.
The centaur zombie is lightly damaged.
The centaur zombie hits you but does no damage.
The centaur zombie kicks you.
You hit the centaur zombie but do no damage.
You kick the centaur zombie.
The centaur zombie is lightly damaged.
The centaur zombie hits you but does no damage.
The centaur zombie closely misses you.
You puncture the centaur zombie! You kick the centaur zombie.
The centaur zombie is heavily damaged.
The centaur zombie hits you. The centaur zombie barely misses you.
You are too injured to fight recklessly!
You are too injured to fight recklessly!
You are too injured to fight recklessly!
You are too injured to fight recklessly!
You hit the two-headed ogre but do no damage.
The two-headed ogre is poisoned.
You kick the two-headed ogre, but do no damage.
The two-headed ogre hits you with a +0 giant club!!
Ouch! That really hurt!
* * * LOW HITPOINT WARNING * * *
A demonic guardian appears!
The two-headed ogre hits you with a +0 giant spiked club!!
Ouch! That really hurt!
You die...

#.##.###.##
#.........# ##
# #..##.##...
.# .#
#..##.##.###
.##. ##
#..##.##.# .#.
... #........#
.. ...#
##.#####.#
.#...## #.#
#.#####.......
#.#####...@OZ.#
#.......5######
##########


You could see a two-headed ogre (very poisoned, ally target), a centaur zombie
and a friendly white imp (summoned).

Vanquished Creatures
  A water moccasin skeleton (D:5)
  A bullfrog skeleton (D:5)
  An iguana (D:5)
  Ijyb (D:2)
  2 orc wizards (D:5)
  A howler monkey skeleton (D:4)
  5 adders
  A white imp (D:5)
  An ufetubus (D:5)
  4 worms
  5 orcs
  6 bats
  6 endoplasms
  2 giant cockroaches
  13 goblins
  4 hobgoblins
  11 jackals
  7 kobolds
  3 quokkas
  7 ball pythons
  3 frilled lizards
  5 rats
90 creatures vanquished.

Vanquished Creatures (collateral kills)
  A hobgoblin (D:2)
  A jackal (D:2)
2 creatures vanquished.

Grand Total: 92 creatures vanquished

Notes
Turn   | Place    | Note
-------+----------+-------------------------------------------
     0 | D:1      | polve the Demonspawn Gladiator began the quest for the Orb.
     0 | D:1      | Reached XP level 1. HP: 16/16 MP: 1/1
    53 | D:1      | Gained mutation: A weak demonic guardian rushes to your
                  | aid. [demonic ancestry]
    53 | D:1      | Reached XP level 2. HP: 17/22 MP: 2/2
   660 | D:1      | Gained mutation: Spells you cast may paralyse adjacent
                  | enemies. [demonic ancestry]
   660 | D:1      | Reached XP level 3. HP: 27/27 MP: 3/3
   913 | D:1      | Found Yzipav's Book Boutique.
  1060 | D:2      | Noticed Ijyb
  1076 | D:2      | Paralysed by Ijyb for 6 turns
  1413 | D:2      | Reached skill level 1 in Armour
  1765 | D:2      | Gained mutation: You have a somewhat thin skeletal
                  | structure. (Dex +2, Stealth+) [demonic ancestry]
  1765 | D:2      | Reached XP level 4. HP: 21/33 MP: 4/4
  2148 | D:2      | Paralysed by Ijyb for 3 turns
  2171 | D:2      | Killed Ijyb
  2705 | D:2      | Found a faded altar of an unknown god.
  3028 | D:3      | Found Odojyfre's Antique Weapon Boutique.
  3050 | D:3      | Found Tacaafat's Magic Scroll Shop.
  3118 | D:3      | Reached XP level 5. HP: 38/38 MP: 5/5
  3540 | D:3      | Found Lebon's Distillery.
  3812 | D:3      | Found Egorelo's Magic Scroll Shop.
  3821 | D:3      | Found Tuog's Weapon Boutique.
  4927 | D:5      | Entered Level 5 of the Dungeon
  5637 | D:5      | Gained mutation: You have large cloven feet. [demonic
                  | ancestry]
  5637 | D:5      | Reached XP level 6. HP: 32/47 MP: 6/6
  5808 | D:5      | Noticed a two-headed ogre
  5814 | D:5      | Annihilated by a two-headed ogre

Illustrated notes

Levels and vault maps discovered:
D:1:      saegor_arrival_simple_b, layout_basic, serial_shops,
          nicolae_shop_behind_doors, minmay_ruptured
D:2:      kennysheep_the_goblin_king, layout_loops_ring,
          shapermc_ecumenical_altar_venn
D:3:      layout_basic, serial_shops, nicolae_shop_trees,
          nicolae_shop_waterfront, shop, shop, nicolae_shop_stone
D:4:      layout_cave_pools, uniq_ijyb
D:5:      layout_loops_corners, slow_altar_2,
          gammafunk_temple_overflow_forgotten, minmay_temple_entry_fiery

Skill      XL: |  1  2  3  4  5 |
---------------+----------------+-----
Short Blades   | 3 4 |  4.0
Armour         | 1 3 4 |  4.0
Fighting       | 3 |  3.7
Throwing       | |  1.7
Dodging        | |  2.6

Action                   |  1- 3 |  4- 6 || total
-------------------------+-------+-------++-------
Melee: Rapier            |   132 |   126 ||   258
       Short sword       |       |    81 ||    81
       Kick              |       |     6 ||     6
  Use: Potion            |     2 |       ||     2
 Stab: Sleeping          |     2 |     5 ||     7
Armor: Leather armour    |    47 |    18 ||    65
       Scale mail        |       |    46 ||    46
Dodge: Dodged            |    95 |    82 ||   177

Table legend: (Time is in decaauts)
 A = Elapsed time spent in this place.
 B = Non-inter-level travel time spent in this place.
 C = Inter-level travel time spent in this place.
 D = Time resting spent in this place.
 E = Time spent auto-exploring this place.
 F = Levels seen in this place.
 G = Mean time per level.
                   A        B        C        D        E       F      G
               +--------+--------+--------+--------+--------+-----+--------+
         Total |   5807 |   5688 |    119 |      0 |   5000 |   5 | 1161.4 |
       Dungeon |   5807 |   5688 |    119 |      0 |   5000 |   5 | 1161.4 |
               +--------+--------+--------+--------+--------+-----+--------+

Top non-repeatable levels by time:
     D:2: 1454 daAuts
     D:3: 1363 daAuts
     D:1: 1341 daAuts
     D:5: 877 daAuts
     D:4: 770 daAuts
